 Dungeon Crawl Stone Soup version 0.14-a0-3445-g2afddda (webtiles) character file.

194 MrRokkomies the Ruinous (level 4, -7/27 HPs)
             Began as an Octopode Conjurer on Mar 23, 2014.
             Mangled by an orc
             ... wielding a +0,+0 flail
              (9 damage)
             ... on Level 3 of the Dungeon.
             The game lasted 00:05:23 (2187 turns).

MrRokkomies the Ruinous (Octopode Conjurer)         Turns: 2187, Time: 00:05:24

HP  -7/27        AC  1     Str  8      XL: 4   Next: 92%
MP   7/7         EV 13     Int 17      God:
Gold 83          SH  0     Dex 12      Spells:  2 memorised,  4 levels left

rFire  + . .     SeeInvis .     d - +2 spear
rCold  x . .     Clarity  +     (no shield)
rNeg   . . .     Conserve .     (helmet restricted)
rPois  .         rCorr    .     e - amulet of clarity {unknown}
rElec  .         rRot     .     p - ring of fire
SustAb . .       Spirit   .     (no ring)
rMut   .         Warding  .     (no ring)
Saprov . . .     Stasis   .     (no ring)
MR     .....                    (no ring)
                                (no ring)
                                (no ring)
                                (no ring)

@: not resistant to hostile enchantments, quite stealthy
A: almost no armour, amphibious, 8 rings, constrict 8, camouflage 1, gelatinous
body 1
a: no special abilities


You were on level 3 of the Dungeon.
You were not hungry.

You visited 1 branch of the dungeon, and saw 3 of its levels.

You collected 83 gold pieces.

Inventory:

Hand weapons
 d - a +2,+2 spear (weapon)
Magical devices
 o - a wand of frost (14) {unknown}
Comestibles
 b - 2 bread rations
 f - a cheese
 j - 5 meat rations
 s - a chunk of hobgoblin flesh
Scrolls
 k - a scroll of enchant armour
 m - a scroll of amnesia
 q - 2 scrolls of identify {unknown}
Jewellery
 e - an amulet of clarity (around mantle) {unknown}
 p - a ring of fire (left tentacle)
 r - an uncursed amulet of warding {unknown}
Potions
 a - a potion of haste {unknown}
 g - a potion of restore abilities {unknown}
 h - a potion of heal wounds {unknown}
 i - 2 potions of curing {unknown}
 l - a potion of degeneration {unknown}
 n - a potion of beneficial mutation {unknown}
Books
 c - a book of Conjurations

   Spells                             Type                      Level
   *Magic Dart                        Conjuration                  1
   *Searing Ray                       Conjuration                  2
   Dazzling Spray                     Conjuration/Hexes            3
   Fulminant Prism                    Conjuration/Hexes            4
   Iskenderun's Mystic Blast          Conjuration                  4
   Iskenderun's Battlesphere          Conjuration/Charms           5


   Skills:
 * Level 3.1 Dodging
 - Level 2.6 Stealth
 - Level 2.0 Spellcasting
 + Level 5.5 Conjurations


You had 4 spell levels left.
You knew the following spells:

 Your Spells              Type           Power        Failure   Level  Hunger
a - Magic Dart            Conj           ###.         1%          1    #......
b - Searing Ray           Conj           ###...       2%          2    ###....


Dungeon Overview and Level Annotations

Branches:
Dungeon (3/15)

Altars:


Innate Abilities, Weirdness & Mutations

You cannot wear most types of armour.
You are amphibious.
You can wear up to eight rings at the same time.
You can use your tentacles to constrict many enemies at once.
Your skin changes colour to match your surroundings (Stlth).
Your rubbery body absorbs attacks (AC +1).


Message History

You continue eating. x2
You start resting.
HP restored.
You start resting.
Magic restored.
You start waiting.
You are feeling hungry.
Eat one of 2 chunks of hobgoblin flesh? (ye/n/q/i?) This raw flesh tastes terrible.
You continue eating. x2
There is a stone staircase leading down here.
You climb downwards.
The orc wizard shouts!
The orc closely misses you.
The orc hits you with a glowing hand axe.
You are electrocuted!
Ouch! That really hurt!
* * * LOW HITPOINT WARNING * * *
The orc hits you with a flail!
You die...

##### ......
######......
##...........
######@o...........
#......o...#....
#.........>#.....
#.................
#................
#....o.....#.....
#....o.....#.....
#...o......#.#.#
#.......#.## #.


You could see an orc wizard and 4 orcs.

Vanquished Creatures
  Ijyb (D:2)
  3 gnolls (D:2)
  3 adders
  A giant gecko (D:2)
  A ball python (D:2)
  4 bats
  2 giant cockroaches (D:1)
  4 goblins (D:1)
  8 hobgoblins
  2 jackals (D:2)
  4 kobolds
  A quokka (D:2)
  3 giant newts
  3 rats
40 creatures vanquished.

Notes
Turn   | Place    | Note
--------------------------------------------------------------
     0 | D:1      | MrRokkomies, the Octopode Conjurer, began the quest for the Orb.
     0 | D:1      | Reached XP level 1. HP: 11/11 MP: 3/3
   158 | D:1      | Reached XP level 2. HP: 9/17 MP: 4/4
   262 | D:1      | Learned a level 2 spell: Searing Ray
  1005 | D:2      | Reached XP level 3. HP: 16/21 MP: 0/6
  1121 | D:2      | Reached skill level 5 in Conjurations
  1480 | D:2      | Noticed Ijyb
  1487 | D:2      | Killed Ijyb
  1487 | D:2      | Reached XP level 4. HP: 23/27 MP: 2/7
  2187 | D:3      | Mangled by an orc

Action                   |  1- 3 |  4- 6 || total
-------------------------+-------+-------++-------
Melee: Dagger            |    30 |       ||    30
       Unarmed           |     2 |       ||     2
       Spear             |     6 |    18 ||    24
 Cast: Magic Dart        |    12 |    15 ||    27
       Searing Ray       |     3 |     1 ||     4
  Use: Scroll            |     4 |     1 ||     5
 Stab: Sleeping          |     7 |       ||     7
       Distracted        |       |     1 ||     1
